 Dungeon Crawl Stone Soup version 0.24-a0-194-g9bee6eb (webtiles) character file.

Game seed: 7294317573551109417

40707 robertstho the Thaumaturge (level 14, -6/106 HPs)
             Began as a Gnoll Fire Elementalist on Mar 18, 2019.
             Was a High Priest of Vehumet.
             Hit by a javelin of returning thrown by a minotaur (26 damage)
             ... in a Gauntlet.
             The game lasted 00:59:30 (18836 turns).

robertstho the Thaumaturge (GnFE)                  Turns: 18836, Time: 00:59:31

Health: -6/106     AC: 11    Str: 13    XL:     14   Next: 12%
Magic:  26/28      EV: 21    Int: 23    God:    Vehumet [*****.]
Gold:   488        SH:  0    Dex: 19    Spells: 17/33 levels left

rFire    . . .     SeeInvis .   Q - +3 lajatang of Cheibriados's Envy {vamp, rPois rC- Str+2 Dex+4}
rCold    . . .     Gourm    +   (shield currently unavailable)
rNeg     . . .     Faith    .   I - +2 robe {Archmagi}
rPois    +         Spirit   .   E - +3 hat of Iliunoo {rElec}
rElec    +         Reflect  .   D - scarf {cloud immunity}
rCorr    .         Harm     .   (no gloves)
MR       +....     NoTele   +   y - +0 pair of boots
Stlth    +++++.....             H - amulet of Tedihui {Gourm rC+}
HPRegen  0.27/turn              m - +1 ring of evasion
MPRegen  0.21/turn              i - +2 ring of protection

@: no status effects
A: distributed training, fangs 1, strong nose
a: Renounce Religion


You were in a Gauntlet.
You worshipped Vehumet.
Vehumet was extremely pleased with you.
You were very full.

You visited 3 branches of the dungeon, and saw 17 of its levels.
You also visited: Gauntlet.

You collected 1018 gold pieces.
You spent 530 gold pieces at shops.

Inventory:

Hand Weapons
 j - a +1 flail of holy wrath
 l - a +2 long sword of electrocution
 t - a +2 triple crossbow of freezing
 v - the +6 hunting sling of the Inferno {speed, Int+6}
   (You found it on level 5 of the Dungeon)

   Attacks with this weapon are significantly faster.
   It affects your intelligence (+6).
 w - the +8 trident of Makhleb's Whim {pierce, MR+}
   (You took it off an orc on level 8 of the Dungeon)

   It inflicts extra damage upon your enemies.
   It affects your resistance to hostile enchantments.
 N - a +2 spear of venom
 Q - the +3 lajatang of Cheibriados's Envy (weapon) {vamp, rPois rC- Str+2 Dex+4}
   (You found it on level 9 of the Dungeon)

   It inflicts no extra harm, but heals its wielder when it wounds a living foe.
   It affects your strength (+2).
   It affects your dexterity (+4).
   It makes you vulnerable to cold.
   It protects you from poison.
 U - a +0 hand axe of flaming
Missiles
 b - 91 sling bullets
Armour
 y - a +0 pair of boots (worn)
 D - a scarf of cloud immunity (worn)
 E - the +3 hat of Iliunoo (worn) {rElec}
   (You bought it in a shop on level 6 of the Dungeon)

   It insulates you from electricity.
 I - a +2 robe of the Archmagi (worn)
 O - a +2 buckler
 R - a +0 troll leather armour
 V - a +2 robe of cold resistance
 Y - a +0 cloak of invisibility
Magical Staves
 z - an uncursed staff of cold
 T - an uncursed staff of air
Jewellery
 i - a +2 ring of protection (right hand)
 m - a +1 ring of evasion (left hand)
 C - an uncursed ring of positive energy
 H - the amulet of Tedihui (around neck) {Gourm rC+}
   (You found it on level 7 of the Dungeon)

   [amulet of the gourmand]

   It allows you to eat raw meat even when not hungry.
   It protects you from cold.
 M - an uncursed ring of protection from cold
Wands
 e - a wand of iceblast (7)
 k - a wand of paralysis (3)
 q - a wand of digging (7)
 s - a wand of acid (8)
Scrolls
 g - 8 scrolls of immolation
 h - 15 scrolls of remove curse
 r - 2 scrolls of enchant armour {unknown}
 A - 2 scrolls of random uselessness {unknown}
 B - 4 scrolls of fear
 J - a scroll of magic mapping
 K - a scroll of amnesia
 P - 4 scrolls of teleportation
Potions
 a - 2 potions of magic
 d - 2 potions of lignification
 f - a potion of cancellation
 n - 4 potions of mutation
 o - 2 potions of ambrosia
 p - a potion of agility
 u - a potion of haste
 x - a potion of heal wounds
 F - 3 potions of brilliance
 G - a potion of berserk rage
 W - a potion of flight
 X - a potion of resistance
Miscellaneous
 S - a box of beasts
Comestibles
 c - 24 rations


   Skills:
 + Level 8.8 Fighting
 + Level 8.8 Short Blades
 + Level 8.8 Long Blades
 + Level 8.8 Axes
 + Level 8.8 Maces & Flails
 + Level 8.8 Polearms
 + Level 8.8 Staves
 + Level 8.8 Slings
 + Level 8.8 Bows
 + Level 8.8 Crossbows
 + Level 8.8 Throwing
 + Level 8.8 Armour
 + Level 9.9 Dodging
 + Level 9.7 Stealth
 + Level 8.8 Shields
 + Level 8.8 Unarmed Combat
 + Level 10.1 Spellcasting
 + Level 7.6 Conjurations
 + Level 7.3 Hexes
 + Level 7.3 Charms
 + Level 7.3 Summonings
 + Level 7.3 Necromancy
 + Level 7.3 Translocations
 + Level 7.3 Transmutations
 + Level 9.2 Fire Magic
 + Level 7.3 Ice Magic
 + Level 7.3 Air Magic
 + Level 7.3 Earth Magic
 + Level 7.3 Poison Magic
 + Level 9.6 Invocations
 + Level 8.8 Evocations


You had 17 spell levels left.
You knew the following spells:

 Your Spells              Type           Power        Failure   Level  Hunger
a - Flame Tongue          Conj/Fire      #####        1%          1    None
b - Conjure Flame         Conj/Fire      ######..     1%          3    None
c - Throw Flame           Conj/Fire      ######       1%          2    None
d - Sticky Flame          Conj/Fire      ######..     1%          4    #......
e - Fireball              Conj/Fire      ######....   1%          5    ####...
f - Apportation           Tloc           ######       1%          1    None

Your spell library contained the following spells:

 Spells                   Type           Power        Failure   Level  Hunger
 Venom Bolt               Conj/Pois      ######....   1%          5    ####...
 Animate Skeleton         Necr           N/A          1%          1    None
 Beastly Appendage        Tmut           ######       1%          1    None
 Confusing Touch          Hex            ######       1%          1    None
 Summon Small Mammal      Summ           ####         1%          1    None
 Sticks to Snakes         Tmut           ######..     1%          2    None
 Confuse                  Hex            ######..     1%          3    None
 Gell's Gravitas          Tloc           ######....   1%          3    None
 Inner Flame              Hex/Fire       ######..     1%          3    None
 Spider Form              Tmut/Pois      ######....   1%          3    None
 Ice Form                 Ice/Tmut       ######..     2%          4    #......
 Petrify                  Tmut/Erth      ######..     2%          4    #......
 Yara's Violent Unravell  Hex/Tmut       ######....   2%          5    ####...
 Blade Hands              Tmut           ######....   8%          5    ####...
 Metabolic Englaciation   Hex/Ice        ######....   8%          5    ####...


Dungeon Overview and Level Annotations

Branches:
Dungeon (15/15)            Temple (1/1) D:4            Lair (1/6) D:8
    Orc (0/2) D:10         Vaults (0/5) D:14         Depths (0/5) D:15

Altars:
Ashenzari
Cheibriados
Dithmenos
Elyvilon
Fedhas
Gozag
Hepliaklqana
Kikubaaqudgha
Makhleb
Nemelex Xobeh
Okawaru
Qazlal
Ru
Sif Muna
Trog
Uskayaw
Vehumet
Wu Jian
Xom
Yredelemnul
Zin
The Shining One

Shops:
D:6 [((   D:8 =?(

Annotations:
D:7 3 runed translucent doors, ythm's ghost, novice TeAE
D:8 240 ring magical power, 3 runed translucent doors great weapon store, zbzbzb's ghost, novice TeAE
D:9 1 runed translucent door, dracfodder's ghost, novice GrFE
D:11 3 runed translucent doors, contrafett's ghost, journeyman DrFE
D:13 2 transporters, brasw1bg's ghost, journeyman GrBe Gauntlet 6 transporters, 2 runed translucent doors


Innate Abilities, Weirdness & Mutations

Your experience applies equally to all skills.
You have very sharp teeth.
Your uncanny sense of smell can sniff out nearby items.


Message History

Items here: / : [ ÷ a wand of paralysis (4); a book of Battle; a glowing ring mail a merfolk skeleton
k - a wand of paralysis (4)
The minotaur throws a javelin of returning.
The javelin of returning completely misses you.
The weapon returns to the minotaur!
Casting: Sticky Flame (safe; 1% risk of failure)
Confirm with . or Enter, or press ? or * to list all spells.
Aiming: Conjure Flame (safe; 1% risk of failure)
Press: ? - help, Dir - move target cursor, f - you, p - minotaur
Okay, then.
Evoke which item? (* to show all) (? for menu, Esc to quit)
Aiming: Paralyse
Press: ? - help, Shift-Dir - straight line, f/p - minotaur
Aim: a minotaur, wielding a +0 trident of protection, wearing a +0 plate armour and wearing an uncursed ring of see invisible (moderately wounded, chance to defeat MR: 9%)
The minotaur resists with almost no effort.
The minotaur throws a javelin of returning.
The javelin of returning hits you!!
You die...

.≈##..########
§###.........#
§≈##..###.##.##
§###.........8#
.#....#.#.....#
.#©...#.#.#########
.#....#...#8§8[8(8#
.#....###.§H.....∩#
.#©...#...#8.8:8@8#
.#....#.#.#########
.###..#.#.....#
.≈##.........8#
.###..###.##.##
.≈##.........#
.###..########
.≈##### .##


You could see a minotaur.

Vanquished Creatures
  A green death (Gauntlet)
  A yaktaur captain (D:15)
  Erolcha (D:10)
  Fannar (D:11)
  3 centaur warriors
  2 tengu warriors (D:14)
  9 two-headed ogres
  Nergalle (D:12)
  3 unseen horrors
  A necromancer (D:14)
  An orb spider (shapeshifter) (D:13)
  A shining eye (Gauntlet)
  4 deep elf magi
  A manticore (D:10)
  2 ugly things (D:13)
  A cyclops (D:15)
  An elephant (D:8)
  A torpor snail (Gauntlet)
  2 orange demons (Gauntlet)
  A kobold demonologist (D:14)
  A yaktaur (D:15)
  A freezing wraith (D:15)
  A tengu conjurer (D:14)
  7 trolls
  A hippogriff (D:12)
  A meliai zombie (D:12)
  15 slime creatures
  2 wraiths (D:15)
  A shadow (D:14)
  25 yaks
  A vampire (D:13)
  2 basilisks (D:8)
  4 hogs (D:10)
  A hungry ghost (D:8)
  A golden eye (Gauntlet)
  3 vampire mosquitoes (D:10)
  A human (D:10)
  A soldier ant (D:13)
  Duvessa (D:5)
  3 water moccasins
  Purgy (D:3)
  4 orc warriors
  6 ice beasts
  2 black bears
  2 hornet zombies
  4 eyes of draining
  A phantom (D:9)
  A necrophage (D:13)
  4 ogres
  11 centaurs
  5 crocodiles
  2 big kobolds
  13 bullfrogs
  2 gnoll sergeants
  A wyvern zombie (D:12)
  Dowan (D:5)
  A water moccasin zombie (D:8)
  4 scorpions
  15 wights
  4 killer bees (D:10)
  2 howler monkeys (D:10)
  4 crimson imps
  6 centaur zombies
  2 jellies
  A quasit (D:9)
  12 hounds
  2 centaur skeletons
  4 orc priests
  2 bullfrog skeletons
  11 orc wizards
  4 iguanas
  6 worker ants
  3 hound skeletons
  A worker ant zombie (D:6)
  17 adders
  15 gnolls
  A howler monkey skeleton (D:11)
  7 shadow imps
  An ooze (D:3)
  2 worms (D:2)
  3 dart slugs
  9 leopard geckos
  43 orcs
  8 bats
  7 giant cockroaches
  10 goblins
  9 hobgoblins
  9 jackals
  12 kobolds
  5 quokkas
  2 ball pythons
  2 ball python skeletons
  3 frilled lizards (D:2)
  A giant cockroach zombie (D:5)
  A quokka skeleton (D:8)
  6 rats
428 creatures vanquished.

Notes
Turn   | Place    | Note
-------+----------+-------------------------------------------
     0 | D:1      | robertstho the Gnoll Fire Elementalist began the quest for
                  | the Orb.
     0 | D:1      | Reached XP level 1. HP: 13/13 MP: 6/6
   145 | D:1      | Reached XP level 2. HP: 18/19 MP: 1/7
   208 | D:1      | You fall through a shaft!
   260 | D:1      | Reached XP level 3. HP: 17/25 MP: 1/9
   367 | D:1      | Learned a level 3 spell: Conjure Flame
   375 | D:1      | Reached skill level 5 in Spellcasting
   688 | D:1      | Reached skill level 1 in Invocations
   718 | D:1      | Found a burning altar of Makhleb.
   720 | D:1      | Found a sparkling altar of Nemelex Xobeh.
   720 | D:1      | Found a snail-covered altar of Cheibriados.
   722 | D:1      | Found a shimmering altar of Xom.
   722 | D:1      | Found a sacrificial altar of Ru.
   722 | D:1      | Found a white marble altar of Elyvilon.
   730 | D:1      | Learned a level 2 spell: Throw Flame
  1138 | D:2      | Reached skill level 1 in Fighting
  1138 | D:2      | Reached skill level 1 in Short Blades
  1138 | D:2      | Reached skill level 1 in Long Blades
  1138 | D:2      | Reached skill level 1 in Axes
  1138 | D:2      | Reached skill level 1 in Maces & Flails
  1138 | D:2      | Reached skill level 1 in Polearms
  1138 | D:2      | Reached skill level 1 in Staves
  1138 | D:2      | Reached skill level 1 in Slings
  1138 | D:2      | Reached skill level 1 in Bows
  1138 | D:2      | Reached skill level 1 in Crossbows
  1138 | D:2      | Reached skill level 1 in Throwing
  1138 | D:2      | Reached skill level 1 in Armour
  1138 | D:2      | Reached skill level 1 in Shields
  1138 | D:2      | Reached skill level 1 in Unarmed Combat
  1138 | D:2      | Reached skill level 1 in Evocations
  1142 | D:2      | Reached XP level 4. HP: 32/32 MP: 3/11
  1385 | D:2      | Reached skill level 1 in Hexes
  1385 | D:2      | Reached skill level 1 in Charms
  1385 | D:2      | Reached skill level 1 in Summonings
  1385 | D:2      | Reached skill level 1 in Necromancy
  1385 | D:2      | Reached skill level 1 in Translocations
  1385 | D:2      | Reached skill level 1 in Transmutations
  1385 | D:2      | Reached skill level 1 in Ice Magic
  1385 | D:2      | Reached skill level 1 in Air Magic
  1385 | D:2      | Reached skill level 1 in Earth Magic
  1385 | D:2      | Reached skill level 1 in Poison Magic
  1391 | D:2      | Learned a level 4 spell: Sticky Flame
  1570 | D:2      | Reached XP level 5. HP: 37/37 MP: 9/12
  2437 | D:3      | Noticed Purgy
  2464 | D:3      | Killed Purgy
  2464 | D:3      | Reached XP level 6. HP: 44/44 MP: 2/14
  2653 | D:3      | Found a blossoming altar of Fedhas.
  2686 | D:3      | Found a stormy altar of Qazlal.
  2735 | D:3      | Reached skill level 5 in Dodging
  3229 | D:4      | Found a staircase to the Ecumenical Temple.
  3256 | Temple   | Entered the Ecumenical Temple
  3356 | D:4      | Reached XP level 7. HP: 50/50 MP: 9/15
  4098 | D:4      | Learned a level 5 spell: Fireball
  4304 | D:5      | Entered Level 5 of the Dungeon
  4419 | D:5      | Got an ancient hunting sling
  4420 | D:5      | Identified the +6 hunting sling of the Inferno {speed,
                  | Int+6} (You found it on level 5 of the Dungeon)
  4521 | D:5      | Reached skill level 5 in Stealth
  4867 | D:5      | Found a radiant altar of Vehumet.
  4906 | D:5      | Reached XP level 8. HP: 44/57 MP: 16/16
  4958 | D:5      | Found an opulent altar of Gozag.
  5082 | D:5      | Found a shadowy altar of Dithmenos.
  5159 | D:5      | Became a worshipper of Vehumet
  5167 | D:6      | Found a bloodstained altar of Trog.
  5176 | D:6      | Noticed Dowan
  5177 | D:6      | Noticed Duvessa
  5464 | D:5      | Killed Duvessa
  5474 | D:5      | Killed Dowan
  5598 | D:6      | Reached skill level 6 in Spellcasting
  5806 | D:6      | Found Lomeir's Weapon Shoppe.
  5877 | D:6      | You fall through a shaft!
  5877 | D:7      | Found a runed translucent gate.
  5877 | D:7      | Found a runed translucent gate.
  5877 | D:7      | Found an opulent altar of Gozag.
  5877 | D:7      | Found a runed translucent gate.
  5891 | D:7      | Noticed a two-headed ogre
  5920 | D:7      | Found a burning altar of Makhleb.
  5920 | D:7      | Found a glowing silver altar of Zin.
  5921 | D:7      | Noticed an angel
  5921 | D:7      | Noticed an Executioner
  6341 | D:7      | Got a bound brass amulet
  6342 | D:7      | Identified the amulet of Tedihui {Gourm rC+} (You found it
                  | on level 7 of the Dungeon)
  6385 | D:6      | Found Xepsogh's Weapon Boutique.
  6559 | D:6      | Found Ukoik's Antique Armour Boutique.
  6562 | D:6      | Bought a polished hat for 261 gold pieces
  6562 | D:6      | Bought a runed robe for 107 gold pieces
  6567 | D:6      | Identified the +3 hat of Iliunoo {rElec} (You bought it in
                  | a shop on level 6 of the Dungeon)
  6634 | D:6      | Found a hazy altar of Hepliaklqana.
  6695 | D:7      | Reached XP level 9. HP: 51/65 MP: 18/18
  7140 | D:7      | Noticed ythm's ghost (novice TeAE)
  7204 | D:7      | Killed a two-headed ogre
  7405 | D:8      | Reached * piety under Vehumet
  7405 | D:8      | Offered knowledge of Sting by Vehumet.
  7463 | D:8      | Noticed an elephant
  7464 | D:8      | Found a staircase to the Lair.
  7481 | D:8      | Killed an elephant
  7481 | D:8      | Reached skill level 5 in Invocations
  7482 | D:8      | Reached skill level 7 in Spellcasting
  7482 | D:8      | Reached XP level 10. HP: 65/73 MP: 8/20
  7681 | D:8      | Found a shattered altar of Ashenzari.
  7723 | D:8      | Found a white marble altar of Elyvilon.
  7739 | D:8      | Found Facuif's Jewellery Shoppe.
  7741 | D:8      | Found Atiakk's Magic Scroll Emporium.
  7765 | D:8      | Bought a scroll of identify for 26 gold pieces
  7765 | D:8      | Bought a scroll of noise for 13 gold pieces
  7765 | D:8      | Bought a scroll of magic mapping for 45 gold pieces
  7765 | D:8      | Bought a scroll of teleportation for 39 gold pieces
  7765 | D:8      | Bought a scroll of teleportation for 39 gold pieces
  7775 | D:8      | Reached skill level 5 in Fighting
  7775 | D:8      | Reached skill level 5 in Short Blades
  7775 | D:8      | Reached skill level 5 in Long Blades
  7775 | D:8      | Reached skill level 5 in Axes
  7775 | D:8      | Reached skill level 5 in Maces & Flails
  7775 | D:8      | Reached skill level 5 in Polearms
  7775 | D:8      | Reached skill level 5 in Staves
  7775 | D:8      | Reached skill level 5 in Slings
  7775 | D:8      | Reached skill level 5 in Bows
  7775 | D:8      | Reached skill level 5 in Crossbows
  7775 | D:8      | Reached skill level 5 in Throwing
  7775 | D:8      | Reached skill level 5 in Armour
  7775 | D:8      | Reached skill level 5 in Shields
  7775 | D:8      | Reached skill level 5 in Unarmed Combat
  7775 | D:8      | Reached skill level 5 in Evocations
  7903 | D:8      | Offered knowledge of Freeze by Vehumet.
  7907 | D:8      | Identified the +8 trident of Makhleb's Whim {pierce, MR+}
  8037 | D:8      | Found a runed translucent gate.
  8038 | D:8      | Found a runed translucent gate.
  8038 | D:8      | Found a runed translucent gate.
  8040 | D:8      | Noticed zbzbzb's ghost (novice TeAE)
  8071 | D:8      | Found Ucla's Antique Weapon Boutique.
  8089 | D:8      | Reached ** piety under Vehumet
  8288 | D:9      | Got an encrusted lajatang
  8826 | D:9      | Found a runed translucent door.
  8897 | D:9      | Found an iron altar of Okawaru.
  8959 | D:9      | Offered knowledge of Throw Frost by Vehumet.
  8964 | D:9      | Noticed a two-headed ogre
  8979 | D:9      | Killed a two-headed ogre
  8979 | D:9      | Reached skill level 5 in Conjurations
  9327 | D:9      | Found a hazy altar of Hepliaklqana.
  9328 | D:9      | Noticed a deep elf mage
  9339 | D:9      | Killed a deep elf mage
  9699 | D:9      | Reached XP level 11. HP: 54/81 MP: 13/22
  9786 | D:9      | Noticed dracfodder's ghost (novice GrFE)
  9803 | D:10     | Entered Level 10 of the Dungeon
  9803 | D:10     | Found a staircase to the Orcish Mines.
  9821 | D:10     | Noticed a manticore
  9833 | D:10     | Killed a manticore
  9838 | D:10     | Reached *** piety under Vehumet
 10212 | D:9      | Learned a level 1 spell: Apportation
 10479 | D:10     | Noticed an unseen horror
 10480 | D:10     | Reached skill level 5 in Hexes
 10480 | D:10     | Reached skill level 5 in Charms
 10480 | D:10     | Reached skill level 5 in Summonings
 10480 | D:10     | Reached skill level 5 in Necromancy
 10480 | D:10     | Reached skill level 5 in Translocations
 10480 | D:10     | Reached skill level 5 in Transmutations
 10480 | D:10     | Reached skill level 5 in Ice Magic
 10480 | D:10     | Reached skill level 5 in Air Magic
 10480 | D:10     | Reached skill level 5 in Earth Magic
 10480 | D:10     | Reached skill level 5 in Poison Magic
 10483 | D:10     | Offered knowledge of Olgreb's Toxic Radiance by Vehumet.
 10487 | D:10     | Killed an unseen horror
 10487 | D:10     | Reached skill level 8 in Spellcasting
 10952 | D:10     | Reached **** piety under Vehumet
 11148 | D:10     | Identified the +3 lajatang of Cheibriados's Envy {vamp,
                  | rPois rC- Str+2 Dex+4} (You found it on level 9 of the
                  | Dungeon)
 11178 | D:10     | Noticed Erolcha
 11190 | D:10     | Killed Erolcha
 11459 | D:10     | Offered knowledge of Bolt of Draining by Vehumet.
 11722 | D:11     | Found a runed translucent gate.
 11723 | D:11     | Found a runed translucent gate.
 12015 | D:11     | Noticed Fannar
 12131 | D:11     | Killed Fannar
 12131 | D:11     | Reached XP level 12. HP: 88/89 MP: 9/24
 12342 | D:11     | You fall through a shaft for 3 floors!
 12399 | D:14     | Noticed a two-headed ogre
 12411 | D:14     | Killed a two-headed ogre
 12678 | D:14     | Noticed a centaur warrior
 12687 | D:14     | Killed a centaur warrior
 12697 | D:14     | Noticed a two-headed ogre
 12697 | D:14     | Noticed a two-headed ogre
 12698 | D:14     | Noticed a two-headed ogre
 12709 | D:14     | Killed a two-headed ogre
 12723 | D:14     | Killed a two-headed ogre
 12735 | D:14     | Killed a two-headed ogre
 12983 | D:14     | Found a gate to the Vaults.
 13015 | D:14     | Noticed a two-headed ogre
 13023 | D:14     | Killed a two-headed ogre
 13023 | D:14     | Reached skill level 9 in Spellcasting
 13083 | D:14     | Noticed a tengu warrior
 13090 | D:14     | Noticed a centaur warrior
 13091 | D:14     | Killed a tengu warrior
 13091 | D:14     | Reached ***** piety under Vehumet
 13091 | D:14     | Offered knowledge of Bolt of Magma by Vehumet.
 13118 | D:14     | Killed a centaur warrior
 13118 | D:14     | HP: 4/91 [something (27)]
 13427 | D:13     | Noticed a fire dragon
 13428 | D:13     | Found a transporter.
 13441 | D:13     | Noticed brasw1bg's ghost (journeyman GrBe)
 13490 | D:13     | Found a transporter.
 13731 | D:13     | Noticed a two-headed ogre
 13744 | D:13     | Killed a two-headed ogre
 13744 | D:13     | Reached XP level 13. HP: 98/98 MP: 24/26
 14579 | D:12     | Noticed Nergalle
 14589 | D:12     | Killed Nergalle
 15659 | D:12     | You fall through a shaft for 3 floors!
 15659 | D:15     | Entered Level 15 of the Dungeon
 15827 | D:15     | Found a staircase to the Depths.
 15827 | D:15     | Noticed a yaktaur captain
 15840 | D:15     | Killed a yaktaur captain
 17538 | D:12     | Offered knowledge of Venom Bolt by Vehumet.
 17784 | D:11     | Found a runed translucent gate.
 17787 | D:11     | Noticed contrafett's ghost (journeyman DrFE)
 18062 | Lair:1   | Entered Level 1 of the Lair of Beasts
 18063 | Lair:1   | Found a gate leading to a gauntlet.
 18080 | Lair:1   | Reached skill level 10 in Spellcasting
 18108 | Lair:1   | Reached XP level 14. HP: 84/106 MP: 4/28
 18132 | Gauntlet | Entered a Gauntlet
 18132 | Gauntlet | Found a transporter.
 18132 | Gauntlet | Found a transporter.
 18132 | Gauntlet | Found a transporter.
 18144 | Gauntlet | Found a transporter.
 18147 | Gauntlet | Found a transporter.
 18151 | Gauntlet | Found a runed translucent door.
 18153 | Gauntlet | Found a runed translucent door.
 18155 | Gauntlet | Found a transporter.
 18158 | Gauntlet | Found a transporter.
 18167 | Gauntlet | Found a transporter.
 18184 | Gauntlet | Found a transporter.
 18190 | Gauntlet | Found a transporter.
 18192 | Gauntlet | Found a transporter.
 18202 | Gauntlet | Found a transporter.
 18326 | Gauntlet | Gained mutation: You are dopey. (Int -2) [a shining eye]
 18334 | Gauntlet | Lost mutation: You are dopey. (Int -2) [a shining eye]
 18836 | Gauntlet | Hit by a javelin of returning thrown by a minotaur

Levels and vault maps discovered:
D:1:      dpeg_arrival_rhombi, layout_basic, doesnt_xom_only_xom
D:2:      layout_rooms, serial_forest, infiniplex_forest_straight_4,
          infiniplex_forest_corner_1, infiniplex_forest_clump_small,
          infiniplex_forest_clump_double, infiniplex_forest_diagonal,
          infiniplex_forest_straight_4, infiniplex_forest_end_1,
          kennysheep_nondescript
D:3:      wander_river, layout_loops_ring,
          grunt_temple_overflow_forces_of_nature, uniq_purgy
D:4:      layout_basic, minmay_temple_entry_water_ring, first_ration
D:5:      layout_basic, vehumet_altar_wand_db,
          nicolae_dithmenos_through_a_glass_darkly,
          nicolae_gozag_cash_rules_everything_around_me
D:6:      layout_rooms, bloody_trog, kennysheep_mini, serial_shops,
          kennysheep_mini_moat, shop, shop_fountains, minmay_misc_feat_plants,
          uniq_duvessa
D:7:      layout_basic, grunt_temple_overflow_order_and_chaos_2,
          ebering_ghost_gozag
D:8:      layout_loops_ring, cheibrodos_ashenzari_chains, kennysheep_little_box,
          david_lair_generic, gammafunk_ghost_necromancy, serial_shops, shop,
          shop, nicolae_shop_trees
D:9:      layout_layer_cave, okawaru_metal_pillars_1_2,
          ebering_ghost_reflecting_pool, basic_altar
D:10:     layout_stronghold, orc_0_dummy, grunt_livestock, uniq_erolcha
D:11:     layout_loops_ring, gammafunk_ghost_spectres, uniq_fannar
D:12:     layout_grid_maze, grunt_ministairs_8, skrybe_limestone_x,
          uniq_nergalle
D:13:     minmay_wavy_crystal, layout_stronghold,
          gammafunk_ghost_berserking_beasts
D:14:     layout_roguey, david_vaults_1, kennysheep_nub, minmay_misc_feat_rows,
          chequers_jeans
D:15:     grunt_enter_depths_snipers, layout_irregular_city,
          minmay_misc_feat_tower
Temple:   jpeg_temple_clearing
Lair:1:   layout_hall_layers, gauntlet_entry_generic, serial_bayou_shore_b,
          serial_bayou_shore_b, lemuel_fruit_tree, grunt_megastairs_2
Gauntlet: minmay_gauntlet_mixed_big_or_small
          [nicolae_gauntlet_arena_flowing_pool,
          minmay_gauntlet_arena_77_broken_ladder,
          gammafunk_gauntlet_arena_chambers, minmay_gauntlet_arena_77_cramped,
          nicolae_gauntlet_arena_grate_2, minmay_gauntlet_arena_77_mess,
          nicolae_gauntlet_exit_dead_adventurers]

Skill      XL: |  1  2  3  4  5  6  7  8  9 10 11 12 13 |
---------------+----------------------------------------+-----
Conjurations   | 2 3 4 5 6 7 |  7.6
Spellcasting   | 5 6 7 8 9 10 | 10.1
Invocations    | 1 2 3 4 5 6 7 8 9 |  9.6
Fighting       | 1 2 3 4 5 6 7 8 |  8.8
Short Blades   | 1 2 3 4 5 6 7 8 |  8.8
Long Blades    | 1 2 3 4 5 6 7 8 |  8.8
Axes           | 1 2 3 4 5 6 7 8 |  8.8
Maces & Flails | 1 2 3 4 5 6 7 8 |  8.8
Polearms       | 1 2 3 4 5 6 7 8 |  8.8
Staves         | 1 2 3 4 5 6 7 8 |  8.8
Slings         | 1 2 3 4 5 6 7 8 |  8.8
Bows           | 1 2 3 4 5 6 7 8 |  8.8
Crossbows      | 1 2 3 4 5 6 7 8 |  8.8
Throwing       | 1 2 3 4 5 6 7 8 |  8.8
Armour         | 1 2 3 4 5 6 7 8 |  8.8
Shields        | 1 2 3 4 5 6 7 8 |  8.8
Unarmed Combat | 1 2 3 4 5 6 7 8 |  8.8
Evocations     | 1 2 3 4 5 6 7 8 |  8.8
Hexes          | 1 2 3 4 5 6 7 |  7.3
Charms         | 1 2 3 4 5 6 7 |  7.3
Summonings     | 1 2 3 4 5 6 7 |  7.3
Necromancy     | 1 2 3 4 5 6 7 |  7.3
Translocations | 1 2 3 4 5 6 7 |  7.3
Transmutations | 1 2 3 4 5 6 7 |  7.3
Ice Magic      | 1 2 3 4 5 6 7 |  7.3
Air Magic      | 1 2 3 4 5 6 7 |  7.3
Earth Magic    | 1 2 3 4 5 6 7 |  7.3
Poison Magic   | 1 2 3 4 5 6 7 |  7.3
Dodging        | 5 6 7 8 9 |  9.9
Stealth        | 5 6 7 8 9 |  9.7
Fire Magic     | 6 7 8 9 |  9.2

Action                   |  1- 3 |  4- 6 |  7- 9 | 10-12 | 13-15 || total
-------------------------+-------+-------+-------+-------+-------++-------
Melee: Unarmed           |     5 |       |       |       |       ||     5
       Dagger            |    12 |    23 |     7 |       |       ||    42
       Bite              |       |     3 |    21 |    41 |    45 ||   110
       Spear             |       |    33 |       |       |       ||    33
       Falchion          |       |       |    74 |       |       ||    74
       Punch             |       |       |     6 |       |       ||     6
       Trident           |       |       |    49 |   207 |       ||   256
       Long sword        |       |       |    45 |    39 |       ||    84
       Lajatang          |       |       |       |   108 |   321 ||   429
 Cast: Flame Tongue      |    44 |    65 |    43 |   108 |    18 ||   278
       Throw Flame       |     5 |    27 |     8 |     1 |       ||    41
       Sticky Flame      |       |     3 |    25 |    62 |    79 ||   169
       Conjure Flame     |       |       |     1 |    11 |     5 ||    17
       Fireball          |       |       |       |    16 |     9 ||    25
Evoke: Wand              |       |       |       |     2 |     1 ||     3
       Box of beasts     |       |       |       |       |     1 ||     1
  Use: Scroll            |       |       |    11 |    13 |     5 ||    29
       Potion            |       |       |     1 |     3 |     6 ||    10
 Stab: Sleeping          |     1 |     2 |     9 |    11 |     7 ||    30
       Distracted        |       |       |       |     2 |       ||     2
  Eat: Chunk             |     1 |     7 |    25 |    32 |    20 ||    85
Armor: Robe              |     9 |    11 |    42 |    96 |    82 ||   240
Dodge: Dodged            |    37 |   107 |   188 |   372 |   358 ||  1062
Block: Buckler           |       |       |       |    79 |       ||    79
       Rpst.: Falchion   |       |       |    18 |       |       ||    18
       Long sword        |       |       |     9 |     9 |       ||    18

Table legend:
 A = Non-vault XP
 B = Vault XP
 C = Vault XP percentage of total XP
 D = Non-vault monster count
 E = Vault monster count
 F = Vault count percentage of total count
                 A         B        C        D         E       F
            +---------+---------+-------+---------+---------+-------
      Total |   43213 |   14941 |  25.7 |     392 |      36 |   8.4
            +---------+---------+-------+---------+---------+-------
        D:1 |      53 |       0 |   0.0 |      20 |       0 |   0.0
        D:2 |     213 |       0 |   0.0 |      34 |       0 |   0.0
        D:3 |      71 |     134 |  65.4 |      19 |       1 |   5.0
        D:4 |     467 |       0 |   0.0 |      16 |       0 |   0.0
        D:5 |     412 |     231 |  35.9 |      21 |       3 |  12.5
        D:6 |     488 |       0 |   0.0 |      11 |       0 |   0.0
        D:7 |    1574 |       0 |   0.0 |      14 |       0 |   0.0
        D:8 |    1591 |    1096 |  40.8 |      40 |       4 |   9.1
        D:9 |    3150 |       0 |   0.0 |      35 |       0 |   0.0
       D:10 |    5204 |    1992 |  27.7 |      46 |       6 |  11.5
       D:11 |    1588 |    1017 |  39.0 |      22 |       1 |   4.3
       D:12 |    7243 |     926 |  11.3 |      39 |       3 |   7.1
       D:13 |    6065 |     607 |   9.1 |      29 |       1 |   3.3
       D:14 |    9475 |    2739 |  22.4 |      23 |       4 |  14.8
       D:15 |    4271 |    2325 |  35.2 |      16 |       3 |  15.8
     Lair:1 |    1348 |     103 |   7.1 |       7 |       1 |  12.5
   Gauntlet |       0 |    3771 | 100.0 |       0 |       9 | 100.0
            +---------+---------+-------+---------+---------+-------
